TOP OF THE 1ST |
Vancouver Canadians batting - Pitching for Staten Island Yankees : RHP Gustav Kleber
|
Pitching: RHP Gustav Kleber
|
|
Batting: LHB Jesus Prado
|
0-0: Ball 1-0: Called Strike 1-1: Ball 2-1: Foul Ball, location: 2F 2-2: Strikes out swinging
|
Batting: RHB Jose Garate
|
0-0: Ball 1-0: Ball 2-0: SINGLE (Line Drive, 78S, EV 97.5 MPH)
|
Batting: LHB Edgar Castillo
|
0-0: SINGLE (Groundball, 4MD, EV 103.8 MPH) Jose Garate to second
|
Batting: RHB Josh Swartzentruber
|
0-0: Foul Ball, location: 2F 0-1: Foul Ball, location: 2F 0-2: Ball 1-2: Foul Ball, location: 2F 1-2: Ball 2-2: Ball 3-2: Strikes out looking
|
Batting: RHB Brian Manson
|
0-0: Ball 1-0: Called Strike 1-1: Foul Ball, location: 2F 1-2: Ball 2-2: TRIPLE (Flyball, 89XD, EV 106.2 MPH) Jose Garate scores Edgar Castillo scores
|
Batting: RHB Lamberto Amicis
|
0-0: Called Strike 0-1: Foul Ball, location: 2F 0-2: Ball 1-2: Ball 2-2: Ball 3-2: Foul Ball, location: 2F 3-2: Foul Ball, location: 2F 3-2: Strikes out swinging
|
Top of the 1st over - 2 runs, 3 hits, 0 errors, 1 left on base; Vancouver 2 - Staten Island 0 |
BOTTOM OF THE 1ST |
Staten Island Yankees batting - Pitching for Vancouver Canadians : RHP Dave August
|
Pitching: RHP Dave August
|
|
Batting: LHB Tatsuo Yasui
|
0-0: Called Strike 0-1: Called Strike 0-2: Ball 1-2: Foul Ball, location: 2F 1-2: Fly out, F7 (Flyball, 7LS, EV 88.8 MPH)
|
Batting: RHB Steve Martin
|
0-0: TRIPLE (Flyball, 78XD, EV 106.2 MPH)
|
Batting: LHB Roald Jacobs
|
0-0: Called Strike 0-1: Ball 1-1: Foul Ball, location: 2F 1-2: Foul Ball, location: 2F 1-2: Fly out, F6 (Flyball, 56D, EV 76.9 MPH)
|
Batting: RHB Andres Valles
|
0-0: Ground out 1-3 (Groundball, P, EV 65.6 MPH)
|
Bottom of the 1st over - 0 runs, 1 hit, 0 errors, 1 left on base; Vancouver 2 - Staten Island 0 |
TOP OF THE 2ND |
Vancouver Canadians batting - Pitching for Staten Island Yankees : RHP Gustav Kleber
|
Batting: RHB Bryan Peterson
|
0-0: Ball 1-0: Swinging Strike 1-1: Foul Ball, location: 2F 1-2: Ground out 2-3 (Groundball, 15S, EV 64.4 MPH)
|
Batting: LHB Teko van de Sande
|
0-0: Foul Ball, location: 2F 0-1: Foul Ball, location: 2F 0-2: Ball 1-2: Strikes out looking
|
Batting: LHB Julio Canseco
|
0-0: Swinging Strike 0-1: Ball 1-1: Ball 2-1: Ball 3-1: Base on Balls
|
Batting: LHB Jesus Prado
|
0-0: Called Strike Julio Canseco steals 2nd base 0-1: Ball 1-1: Ball 2-1: Swinging Strike 2-2: Ground out 1-3 (Groundball, 13S, EV 65.6 MPH)
|
Top of the 2nd over - 0 runs, 0 hits, 0 errors, 1 left on base; Vancouver 2 - Staten Island 0 |
BOTTOM OF THE 2ND |
Staten Island Yankees batting - Pitching for Vancouver Canadians : RHP Dave August
|
Batting: RHB Chris Diaz
|
0-0: DOUBLE (Groundball, 5L, EV 102.5 MPH)
|
Batting: RHB Gustavo Amparo
|
0-0: Ball 1-0: Called Strike 1-1: Ball 2-1: Ground out 4-3 (Groundball, 34D, EV 100.0 MPH) Chris Diaz to third
|
Batting: LHB Mario Hurtado
|
0-0: Ball 1-0: Ball 2-0: Ground out 4-3 (Groundball, 4, EV 103.8 MPH) Chris Diaz scores
|
Batting: SHB Victor Martinez
|
0-0: Ball 1-0: Called Strike 1-1: Foul Ball, location: 2F 1-2: Foul Ball, location: 2F 1-2: Strikes out looking
|
Bottom of the 2nd over - 1 run, 1 hit, 0 errors, 0 left on base; Vancouver 2 - Staten Island 1 |
TOP OF THE 3RD |
Vancouver Canadians batting - Pitching for Staten Island Yankees : RHP Gustav Kleber
|
Batting: RHB Jose Garate
|
0-0: Ball 1-0: Called Strike 1-1: Foul Ball, location: 2F 1-2: Foul Ball, location: 2F 1-2: DOUBLE (Groundball, 5L, EV 100.6 MPH)
|
Batting: LHB Edgar Castillo
|
0-0: Ball 1-0: Called Strike 1-1: Foul Ball, location: 2F 1-2: Ground out 5-3 (Groundball, 5, EV 81.2 MPH)
|
Batting: RHB Josh Swartzentruber
|
0-0: Ball 1-0: Swinging Strike Passed Ball! Jose Garate to third 1-1: Ball 2-1: Ball 3-1: Foul Ball, location: 2F 3-2: Ground out 6-3 (Groundball, 6S, EV 91.9 MPH) Jose Garate scores
|
Batting: RHB Brian Manson
|
0-0: Ball 1-0: Ball 2-0: Ground out 5-3 (Groundball, 56S, EV 81.2 MPH)
|
Top of the 3rd over - 1 run, 1 hit, 0 errors, 0 left on base; Vancouver 3 - Staten Island 1 |
BOTTOM OF THE 3RD |
Staten Island Yankees batting - Pitching for Vancouver Canadians : RHP Dave August
|
Batting: LHB Alex Genao
|
0-0: Called Strike 0-1: Ball 1-1: Ball 2-1: Ground out 4-3 (Groundball, 4S, EV 88.1 MPH)
|
Batting: LHB Tatsuo Yasui
|
0-0: SINGLE (Line Drive, 6D, EV 104.4 MPH)
|
Batting: RHB Steve Martin
|
0-0: Ball Tatsuo Yasui is caught stealing 2nd base 2-4 1-0: Foul Ball, location: 2F 1-1: Ball 2-1: SINGLE (Groundball, 34D, EV 97.5 MPH)
|
Batting: LHB Roald Jacobs
|
0-0: Called Strike 0-1: Called Strike Steve Martin steals 2nd base 0-2: Ground out 6-3 (Groundball, 4M, EV 107.5 MPH)
|
Bottom of the 3rd over - 0 runs, 2 hits, 0 errors, 1 left on base; Vancouver 3 - Staten Island 1 |
TOP OF THE 4TH |
Vancouver Canadians batting - Pitching for Staten Island Yankees : RHP Gustav Kleber
|
Batting: RHB Lamberto Amicis
|
0-0: Called Strike 0-1: Ball 1-1: Ball 2-1: SINGLE (Groundball, 6S, EV 73.1 MPH) (infield hit)
|
Batting: RHB Bryan Peterson
|
0-0: Ball 1-0: Ball 2-0: Swinging Strike 2-1: Foul Ball, location: 2F 2-2: Foul Ball, location: 2F 2-2: Fly out, F7 (Flyball, 7, EV 81.9 MPH)
|
Batting: LHB Teko van de Sande
|
0-0: Ball 1-0: Called Strike 1-1: Ball Lamberto Amicis steals 2nd base (no throw) 2-1: Foul Ball, location: 2F 2-2: Ball 3-2: SINGLE (Line Drive, 4M, EV 95.0 MPH) Lamberto Amicis to third Runner from 3rd tries for Home, SAFE, throw by CF to home Teko van de Sande to second
|
Batting: LHB Julio Canseco
|
0-0: Foul Ball, location: 2F 0-1: Ball 1-1: SINGLE (Groundball, 25, EV 67.5 MPH) (infield hit) Teko van de Sande to third
|
Batting: LHB Jesus Prado
|
0-0: Called Strike 0-1: Ball Julio Canseco steals 2nd base 1-1: Swinging Strike 1-2: Ball 2-2: Strikes out swinging
|
Batting: RHB Jose Garate
|
0-0: Ball 1-0: Ground out 3-1 (Groundball, 13, EV 90.0 MPH)
|
Top of the 4th over - 1 run, 3 hits, 0 errors, 2 left on base; Vancouver 4 - Staten Island 1 |
BOTTOM OF THE 4TH |
Staten Island Yankees batting - Pitching for Vancouver Canadians : RHP Dave August
|
Batting: RHB Andres Valles
|
0-0: Swinging Strike 0-1: Foul Ball, location: 2F 0-2: Ball 1-2: Strikes out swinging
|
Batting: RHB Chris Diaz
|
0-0: Called Strike 0-1: Foul Ball, location: 2F 0-2: Foul Ball, location: 2F 0-2: SINGLE (Groundball, 6D, EV 95.6 MPH)
|
Batting: RHB Gustavo Amparo
|
0-0: Called Strike 0-1: Foul Ball, location: 2F 0-2: Ball 1-2: Foul Ball, location: 2F 1-2: Ground out 5-3 (Groundball, 5, EV 98.8 MPH) Chris Diaz to second
|
Batting: LHB Mario Hurtado
|
0-0: Ball 1-0: Ball 2-0: Ball 3-0: Called Strike 3-1: Fly out, F9 (Flyball, 89D, EV 99.4 MPH)
|
Bottom of the 4th over - 0 runs, 1 hit, 0 errors, 1 left on base; Vancouver 4 - Staten Island 1 |
TOP OF THE 5TH |
Vancouver Canadians batting - Pitching for Staten Island Yankees : RHP Gustav Kleber
|
Batting: LHB Edgar Castillo
|
0-0: Called Strike 0-1: Swinging Strike 0-2: Strikes out looking
|
Batting: RHB Josh Swartzentruber
|
0-0: Ball 1-0: Ball 2-0: Ball 3-0: Base on Balls
|
Batting: RHB Brian Manson
|
0-0: Fly out, F9 (Flyball, 9LD, EV 94.4 MPH)
|
Batting: RHB Lamberto Amicis
|
0-0: Ground out 1-3 (Groundball, 13, EV 71.2 MPH)
|
Top of the 5th over - 0 runs, 0 hits, 0 errors, 1 left on base; Vancouver 4 - Staten Island 1 |
BOTTOM OF THE 5TH |
Staten Island Yankees batting - Pitching for Vancouver Canadians : RHP Dave August
|
Batting: SHB Victor Martinez
|
0-0: Ball 1-0: Called Strike 1-1: Fly out, F5 (Popup, 25F, EV 87.5 MPH)
|
Batting: LHB Alex Genao
|
0-0: Called Strike 0-1: Foul Ball, location: 2F 0-2: Ball 1-2: Strikes out looking
|
Batting: LHB Tatsuo Yasui
|
0-0: Ball 1-0: Ball 2-0: Called Strike 2-1: Ball 3-1: Swinging Strike 3-2: SOLO HOME RUN (Flyball, 9D, EV 96.2 MPH), Distance : 382 ft
|
Batting: RHB Steve Martin
|
0-0: Foul Ball, location: 2F 0-1: Swinging Strike 0-2: Foul Ball, location: 2F 0-2: Strikes out swinging
|
Bottom of the 5th over - 1 run, 1 hit, 0 errors, 0 left on base; Vancouver 4 - Staten Island 2 |
TOP OF THE 6TH |
Vancouver Canadians batting - Pitching for Staten Island Yankees : RHP Gustav Kleber
|
Batting: RHB Bryan Peterson
|
0-0: Ball 1-0: Ball 2-0: Swinging Strike 2-1: TRIPLE (Flyball, 89XD, EV 90.0 MPH)
|
Pitching: RHP Jon Carranza
|
|
Batting: LHB Teko van de Sande
|
0-0: Ball 1-0: Called Strike 1-1: Ground out 5-3 (Groundball, 5S, EV 70.0 MPH)
|
Batting: LHB Julio Canseco
|
0-0: Called Strike 0-1: Foul Ball, location: 2F 0-2: Foul Ball, location: 2F 0-2: Ball 1-2: Ball 2-2: Ball 3-2: Base on Balls
|
Batting: LHB Jesus Prado
|
0-0: Ball Julio Canseco steals 2nd base 1-0: Ball 2-0: Foul Ball, location: 2F 2-1: Foul Ball, location: 2F 2-2: Ground out 4-3 (Groundball, 4M, EV 103.8 MPH) Bryan Peterson scores Julio Canseco to third
|
Batting: RHB Jose Garate
|
0-0: Ground out 5-3 (Groundball, 56S, EV 76.2 MPH)
|
Top of the 6th over - 1 run, 1 hit, 0 errors, 1 left on base; Vancouver 5 - Staten Island 2 |
BOTTOM OF THE 6TH |
Staten Island Yankees batting - Pitching for Vancouver Canadians : RHP Dave August
|
Batting: LHB Roald Jacobs
|
0-0: DOUBLE (Line Drive, 9LS, EV 99.4 MPH)
|
Batting: RHB Andres Valles
|
0-0: Foul Ball, location: 2F 0-1: Swinging Strike 0-2: Ball 1-2: Foul Ball, location: 2F 1-2: Fly out, F7 (Flyball, 78D, EV 103.8 MPH)
|
Batting: RHB Chris Diaz
|
0-0: Ball 1-0: Ball 2-0: Ball 3-0: Called Strike 3-1: Fly out, F9 (Flyball, 9D, EV 93.1 MPH) Runner from 2nd tags up, SAFE at 3rd, no throw by RF
|
Batting: RHB Gustavo Amparo
|
0-0: Ball 1-0: Foul Ball, location: 2F 1-1: Foul Ball, location: 2F 1-2: Fly out, F8 (Flyball, 8RD, EV 100.6 MPH)
|
Bottom of the 6th over - 0 runs, 1 hit, 0 errors, 1 left on base; Vancouver 5 - Staten Island 2 |
TOP OF THE 7TH |
Vancouver Canadians batting - Pitching for Staten Island Yankees : RHP Jon Carranza
|
Batting: LHB Edgar Castillo
|
0-0: Ball 1-0: Called Strike 1-1: Ball 2-1: Ball 3-1: Base on Balls
|
Batting: RHB Josh Swartzentruber
|
Pickoff Throw to First - Error! E1 Edgar Castillo to second 0-0: Swinging Strike 0-1: Ground out U3 (Groundball, 3D, EV 100.6 MPH) Edgar Castillo to third
|
Batting: RHB Brian Manson
|
0-0: Ball 1-0: Ball 2-0: Called Strike 2-1: Foul Ball, location: 2F 2-2: Fly out, F9 (Flyball, 89S, EV 86.9 MPH)
|
Batting: RHB Lamberto Amicis
|
0-0: Fly out, F9 (Flyball, 9, EV 88.1 MPH)
|
Top of the 7th over - 0 runs, 0 hits, 1 error, 1 left on base; Vancouver 5 - Staten Island 2 |
BOTTOM OF THE 7TH |
Staten Island Yankees batting - Pitching for Vancouver Canadians : RHP Dave August
|
Batting: LHB Mario Hurtado
|
0-0: Ball 1-0: Called Strike 1-1: SINGLE (Flyball, 8LS, EV 91.2 MPH)
|
Pitching: RHP J.J. Riley
|
|
Batting: SHB Victor Martinez
|
0-0: Ball 1-0: Swinging Strike 1-1: Called Strike 1-2: Strikes out swinging
|
Batting: LHB Alex Genao
|
0-0: Called Strike Mario Hurtado is caught stealing 2nd base 2-6 0-1: Foul Ball, location: 2F 0-2: Ball 1-2: Ball 2-2: Foul Ball, location: 2F 2-2: Foul Ball, location: 2F 2-2: Ball 3-2: Base on Balls
|
Batting: LHB Tatsuo Yasui
|
0-0: Ball 1-0: Ball 2-0: Called Strike 2-1: Called Strike Alex Genao is caught stealing 2nd base 2-6
|
Bottom of the 7th over - 0 runs, 1 hit, 0 errors, 0 left on base; Vancouver 5 - Staten Island 2 |
TOP OF THE 8TH |
Vancouver Canadians batting - Pitching for Staten Island Yankees : RHP Jon Carranza
|
Batting: RHB Bryan Peterson
|
0-0: Swinging Strike 0-1: Ball 1-1: Called Strike 1-2: Ball 2-2: Strikes out swinging
|
Batting: LHB Teko van de Sande
|
0-0: SINGLE (Flyball, 9LS, EV 94.4 MPH)
|
Batting: LHB Julio Canseco
|
0-0: Called Strike 0-1: Ball 1-1: Ball 2-1: Called Strike Teko van de Sande steals 2nd base 2-2: Fly out, F8 (Flyball, 8LD, EV 98.1 MPH)
|
Batting: LHB Jesus Prado
|
0-0: Ball 1-0: Swinging Strike 1-1: Ball 2-1: Ball 3-1: Base on Balls
|
Batting: RHB Jose Garate
|
0-0: Ball 1-0: Foul Ball, location: 2F 1-1: Ball 2-1: Ball Wild Pitch! Teko van de Sande to third Jesus Prado to second 3-1: Base on Balls
|
Pitching: LHP Roberto Ruit
|
|
Batting: LHB Edgar Castillo
|
0-0: Swinging Strike 0-1: Ball 1-1: Swinging Strike 1-2: Ball 2-2: Strikes out swinging
|
Top of the 8th over - 0 runs, 1 hit, 0 errors, 3 left on base; Vancouver 5 - Staten Island 2 |
BOTTOM OF THE 8TH |
Staten Island Yankees batting - Pitching for Vancouver Canadians : RHP J.J. Riley
|
Now at 1B: Kyle Scruggs
|
|
Batting: LHB Tatsuo Yasui
|
0-0: Ball 1-0: Foul Ball, location: 2F 1-1: SINGLE (Groundball, 6S, EV 74.4 MPH) (infield hit)
|
Batting: RHB Steve Martin
|
0-0: Ball 1-0: Called Strike 1-1: Swinging Strike 1-2: Foul Ball, location: 2F 1-2: Ball 2-2: Ground out 6-3 (Groundball, 6MS, EV 83.8 MPH) Tatsuo Yasui to second
|
Batting: LHB Roald Jacobs
|
0-0: Ball 1-0: Called Strike 1-1: Called Strike 1-2: Foul Ball, location: 2F 1-2: Foul Ball, location: 2F 1-2: Foul Ball, location: 2F 1-2: Strikes out swinging
|
Pitching: RHP Marco Rodriguez
|
|
Batting: RHB Andres Valles
|
0-0: Ball 1-0: Fly out, F5 (Line Drive, 56, EV 91.2 MPH)
|
Bottom of the 8th over - 0 runs, 1 hit, 0 errors, 1 left on base; Vancouver 5 - Staten Island 2 |
TOP OF THE 9TH |
Vancouver Canadians batting - Pitching for Staten Island Yankees : LHP Roberto Ruit
|
Pitching: RHP Jay Brumfield
|
|
Pinch Hitting: LHB Curt Maxwell
|
0-0: Ball 1-0: Swinging Strike 1-1: Called Strike 1-2: Ball 2-2: Ball 3-2: SINGLE (Groundball, 3D, EV 100.0 MPH)
|
Batting: RHB Brian Manson
|
0-0: Swinging Strike 0-1: Called Strike 0-2: Foul Ball, location: 2F 0-2: Ball 1-2: Foul Ball, location: 2F 1-2: Strikes out swinging
|
Batting: RHB Lamberto Amicis
|
0-0: Called Strike 0-1: Ball 1-1: Swinging Strike 1-2: Fly out, F7 (Flyball, 7LS, EV 85.6 MPH)
|
Batting: RHB Bryan Peterson
|
0-0: Ground out 5-3 (Groundball, 5S, EV 91.9 MPH)
|
Top of the 9th over - 0 runs, 1 hit, 0 errors, 1 left on base; Vancouver 5 - Staten Island 2 |
BOTTOM OF THE 9TH |
Staten Island Yankees batting - Pitching for Vancouver Canadians : RHP Marco Rodriguez
|
Now at 1B: Curt Maxwell
|
|
Now at 3B: Kyle Scruggs
|
|
Batting: RHB Chris Diaz
|
0-0: Ball 1-0: Called Strike 1-1: Fly out, F8 (Flyball, 8LS, EV 87.5 MPH)
|
Batting: RHB Gustavo Amparo
|
0-0: Foul Ball, location: 2F 0-1: Foul Ball, location: 2F 0-2: Ball 1-2: Strikes out swinging
|
Batting: LHB Mario Hurtado
|
0-0: Ball 1-0: Ball 2-0: Ball 3-0: Called Strike 3-1: DOUBLE (Line Drive, 9LM, EV 99.4 MPH)
|
Batting: SHB Victor Martinez
|
0-0: Foul Ball, location: 2F 0-1: Foul Ball, location: 2F 0-2: Foul Ball, location: 2F 0-2: Ball 1-2: Foul Ball, location: 2F 1-2: Strikes out swinging
|
Bottom of the 9th over - 0 runs, 1 hit, 0 errors, 1 left on base; Vancouver 5 - Staten Island 2 |
|